 Dungeon Crawl Stone Soup version 0.23.2-33-g5129a83184 (webtiles) character file.

Game seed: 4655232171738817545

610 H0rd4k the Charlatan (level 7, -12/52 HPs)
             Began as a Human Artificer on July 25, 2019.
             Was an Initiate of Gozag.
             Mangled by an ogre
             ... wielding a +0 giant spiked club
              (15 damage)
             ... on level 5 of the Dungeon.
             The game lasted 00:07:35 (4667 turns).

H0rd4k the Charlatan (Human Artificer)              Turns: 4667, Time: 00:07:36

Health: -12/52     AC:  6    Str: 14    XL:     7   Next: 72%
Magic:  10/10      EV: 13    Int: 17    God:    Gozag
Gold:   459        SH:  4    Dex: 13    Spells: 6/6 levels left

rFire    . . .     SeeInvis .   x - +1 hand axe "Demonslayer" {vamp, Int+2}
rCold    + . .     Gourm    .   (no shield)
rNeg     . . .     Faith    .   b - +0 leather armour
rPois    .         Spirit   .   (no helmet)
rElec    .         Reflect  +   (no cloak)
rCorr    .         Harm     .   (no gloves)
MR       .....                  s - +2 pair of boots
Stlth    ++........             k - +4 amulet of reflection
HPRegen  0.17/turn              n - +3 ring of intelligence
MPRegen  0.12/turn              g - ring of protection from cold

@: lethally poisoned (-12 -> -13), gold aura
A: no striking features
a: Potion Petition, Call Merchant, Bribe Branch, Renounce Religion


You were on level 5 of the Dungeon.
You worshipped Gozag.
Gozag was aware of your devotion.
You were hungry.

You visited 1 branch of the dungeon, and saw 5 of its levels.

You collected 515 gold pieces.
You paid 56 gold pieces to Gozag.

Inventory:

Hand Weapons
 a - a +0 short sword
 x - the +1 hand axe "Demonslayer" (weapon) {vamp, Int+2}
   (You found it on level 4 of the Dungeon)

   It inflicts no extra harm, but heals its wielder when it wounds a living foe.
   It affects your intelligence (+2).
Missiles
 o - 19 poisoned needles
Armour
 b - a +0 leather armour (worn)
 s - a +2 pair of boots (worn)
Jewellery
 g - a ring of protection from cold (right hand)
 k - a +4 amulet of reflection (around neck)
 n - a +3 ring of intelligence (left hand)
 y - an uncursed ring of protection from cold
Wands
 c - a wand of flame (5)
 d - a wand of enslavement (12)
 e - a wand of random effects (18)
Scrolls
 h - 6 scrolls of identify {unknown}
 i - 3 scrolls of amnesia {unknown}
 j - a scroll of blinking {unknown}
 l - a scroll of enchant armour {unknown}
 m - a scroll of magic mapping {unknown}
 q - a scroll of enchant weapon {unknown}
 r - 2 scrolls of fog {unknown}
 t - a scroll of fear {unknown}
 w - 2 scrolls of remove curse {unknown}
Potions
 p - a potion of cancellation {unknown}
 u - a potion of agility {unknown}
 v - a potion of brilliance {unknown}
 z - a potion of haste {unknown}
 A - a potion of magic {unknown}
Comestibles
 f - 7 rations


   Skills:
 + Level 3.2 Fighting
 + Level 3.1 Short Blades
 + Level 3.0 Axes
 + Level 2.3 Armour
 + Level 3.7 Dodging
 + Level 1.8 Stealth
 + Level 4.3 Evocations


You had 6 spell levels left.
You didn't know any spells.
Your spell library was empty.

Dungeon Overview and Level Annotations

Branches:
Dungeon (5/15)
 Temple: D:4-7

Altars:
Dithmenos
Gozag
Qazlal
Vehumet
Wu Jian

Annotations:
D:2 exclusion: downstairs
D:3 3 runed translucent doors, Doomgape's ghost, amateur GrMo
D:4 2 transporters, 1 runed translucent door, Crazy Yiuf


Message History

The ogre is no longer distracted by gold.
The ogre hits your scorpion with a +0 giant spiked club!!
Your scorpion dies!
You feel sick.
You barely miss the ogre.
The ogre is moderately wounded.
The ogre barely misses you.
You barely miss the ogre.
The ogre is moderately wounded.
You feel sick.
You hit the ogre.
The ogre is heavily wounded.
The ogre hits you with a +0 giant spiked club!!
Ouch! That really hurt!
* * * LOW HITPOINT WARNING * * *
You hit the ogre.
The ogre is heavily wounded.
The ogre hits you with a +0 giant spiked club!
You die...
Your body crumbles into a pile of gold.

#....#### #..# ##.#
#.#### ##..# ...#
#...### #...#....#
#.....## #...#O...#
#......###........# #
#.###..##....# ..# #.#
#...#....# #...#
#..##...#....####.....#
#...........$$O@......#
###########.###########
..... #####... .... ...
... ...


You could see an ogre.

Vanquished Creatures
  A sky beast (D:5)
  A crimson imp (D:5)
  A hound (D:3)
  A bullfrog skeleton (D:4)
  A centaur skeleton (D:4)
  2 orc wizards
  2 worker ants (D:4)
  A hound zombie (D:5)
  A hound skeleton (D:5)
  5 gnolls
  7 adders
  A worm (D:4)
  A dart slug (D:3)
  4 leopard geckos
  17 orcs
  2 ball pythons
  11 bats
  6 giant cockroaches
  5 goblins
  11 hobgoblins
  9 jackals
  10 kobolds
  2 quokkas
  7 frilled lizards
  A jackal skeleton (D:4)
  A jackal zombie (D:5)
  6 rats
117 creatures vanquished.

Vanquished Creatures (collateral kills)
  An adder (D:5)
1 creature vanquished.

Vanquished Creatures (others)
  2 scorpions (D:5)
  A hound (D:5)
3 creatures vanquished.

Grand Total: 121 creatures vanquished

Notes
Turn   | Place    | Note
-------+----------+-------------------------------------------
     0 | D:1      | H0rd4k the Human Artificer began the quest for the Orb.
     0 | D:1      | Reached XP level 1. HP: 15/15 MP: 3/3
   125 | D:1      | Reached XP level 2. HP: 10/21 MP: 4/4
   446 | D:1      | Reached XP level 3. HP: 26/26 MP: 5/5
  1191 | D:2      | Reached XP level 4. HP: 21/32 MP: 6/6
  1215 | D:2      | Reached skill level 1 in Armour
  1751 | D:2      | You fall through a shaft!
  1754 | D:3      | Found an ornate altar of the Wu Jian Council.
  1807 | D:3      | Reached XP level 5. HP: 29/38 MP: 7/7
  2164 | D:3      | Found a runed translucent gate.
  2172 | D:3      | Found a runed translucent gate.
  2216 | D:3      | Found a runed translucent gate.
  2268 | D:3      | Noticed Doomgape's ghost (amateur GrMo)
  2398 | D:3      | Found an opulent altar of Gozag.
  2399 | D:3      | Found a shadowy altar of Dithmenos.
  2404 | D:3      | Found a radiant altar of Vehumet.
  2405 | D:3      | Found a stormy altar of Qazlal.
  2500 | D:3      | Reached skill level 4 in Evocations
  2582 | D:3      | Reached XP level 6. HP: 24/44 MP: 9/9
  2635 | D:3      | Became a worshipper of Gozag Ym Sagoz the Greedy
  2905 | D:4      | Found a transporter.
  2963 | D:4      | Got a translucent hand axe
  2985 | D:4      | Identified the +1 hand axe "Demonslayer" {vamp, Int+2} (You
                  | found it on level 4 of the Dungeon)
  3010 | D:4      | Found a transporter.
  3544 | D:4      | Reached skill level 1 in Axes
  3544 | D:4      | Reached XP level 7. HP: 30/51 MP: 10/10
  3978 | D:4      | Found a runed translucent door.
  3979 | D:4      | Noticed Crazy Yiuf
  4013 | D:5      | Entered Level 5 of the Dungeon
  4667 | D:5      | Mangled by an ogre

Skill      XL: |  1  2  3  4  5  6  7 |
---------------+----------------------+-----
Armour         | 1 2 |  2.3
Short Blades   | 2 3 |  3.1
Fighting       | 2 3 |  3.2
Evocations     | 4 |  4.3
Dodging        | 3 |  3.7
Axes           | 1 3 |  3.0
Stealth        | |  1.8

Action                   |  1- 3 |  4- 6 |  7- 9 || total
-------------------------+-------+-------+-------++-------
Melee: Short sword       |   105 |   260 |       ||   365
       Hand axe          |       |    89 |   228 ||   317
Evoke: Wand              |     3 |    11 |     4 ||    18
  Use: Potion            |     1 |     1 |       ||     2
 Stab: Sleeping          |     1 |     1 |     1 ||     3
       Distracted        |       |       |     2 ||     2
  Eat: Chunk             |     1 |     6 |       ||     7
       Ration            |       |     2 |     1 ||     3
Armor: Leather armour    |    28 |   115 |    70 ||   213
Dodge: Dodged            |    88 |   269 |   131 ||   488
Block: Other             |       |       |    24 ||    24
